 Dungeon Crawl Stone Soup version 0.17.0-28-g6e173f8 (webtiles) character file.

245 lucasterio the Ruffian (level 5, 0/45 HPs)
             Began as a Draconian Transmuter on Nov 25, 2015.
             Killed from afar by Dowan (9 damage)
             ... with a puff of flame
             ... on level 4 of the Dungeon.
             The game lasted 00:15:17 (4488 turns).

lucasterio the Ruffian (Draconian Transmuter)       Turns: 4488, Time: 00:15:18

Health: 0/45       AC:  0    Str: 14    XL:     5   Next: 83%
Magic:  8/8        EV: 19    Int: 13    God:
Gold:   139        SH:  0    Dex: 11    Spells: 2 memorised, 5 levels left

rFire  . . .     SeeInvis .       - Unarmed
rCold  . . .     Clarity  .     (armour unavailable)
rNeg   . . .     SustAt   .     (shield currently unavailable)
rPois  .         Gourm    .     (helmet currently unavailable)
rElec  .         Spirit   .     (cloak currently unavailable)
rCorr  .         Warding  .     (gloves currently unavailable)
rMut   .         Stasis   .     (boots currently unavailable)
MR     .....                    (amulet currently unavailable)
Stlth  +.........               (ring currently unavailable)
                                (ring currently unavailable)

@: porcupine-form (expiring), quick, not resistant to hostile enchantments, very
unstealthy
A: unfitting armour, (cold-blooded), AC +5
a: no special abilities


You were on level 4 of the Dungeon.
You were not hungry.
You were a spiny porcupine.
You visited 1 branch of the dungeon, and saw 4 of its levels.
You also visited: Sewer.

You collected 139 gold pieces.

Inventory:

Hand Weapons
 d - a cursed -3 dagger
 h - a +0 hunting sling of evasion
Missiles
 a - 68 arrows
 c - 6 arrows of dispersal
 k - 52 stones (quivered)
Armour
 r - a +0 pair of gloves (melded)
 v - a +0 cloak (melded)
Scrolls
 j - a scroll of fog {unknown}
 l - 2 scrolls of teleportation {unknown}
 n - 2 scrolls of fear {unknown}
 o - 2 scrolls of blinking {unknown}
 t - 2 scrolls of magic mapping {unknown}
 u - a scroll of identify {unknown}
 y - a scroll of recharging {unknown}
 z - a scroll of enchant weapon {unknown}
Potions
 e - a potion of curing {unknown}
 f - a potion of flight {unknown}
 g - 2 potions of haste {unknown}
 i - a potion of mutation {unknown}
 m - 2 potions of brilliance {unknown}
 p - a potion of magic {unknown}
 q - a potion of might {unknown}
 w - a potion of heal wounds {unknown}
Books
 b - a book of Changes

   Spells                             Type                      Level
   a - Beastly Appendage              Transmutation                1
   b - Sticks to Snakes               Transmutation                2
   c - Spider Form                    Transmutation/Poison         3
   d - Ice Form                       Ice/Transmutation            4
   e - Blade Hands                    Transmutation                5
Comestibles
 s - a bread ration


   Skills:
 + Level 3.3 Fighting
 + Level 2.9 Dodging
 * Level 5.2 Unarmed Combat
 - Level 2.0 Spellcasting
 - Level 2.0 Transmutations


You had 5 spell levels left.
You knew the following spells:

 Your Spells              Type           Power        Failure   Level  Hunger
a - Beastly Appendage     Trmt           #.....       12%         1    ##.....
b - Sticks to Snakes      Trmt           #.........   17%         2    ###....


Dungeon Overview and Level Annotations

Branches:
Dungeon (4/15)
 Temple: D:4-7

Altars:
Dithmenos
Makhleb
Nemelex Xobeh
Xom
Zin

Annotations:
D:4 Dowan, Duvessa


Innate Abilities, Weirdness & Mutations

((Your plain brown scales are hard (AC +5).))
Your body does not fit into most forms of armour.
((You are cold-blooded and may be slowed by cold attacks.))


Message History

Your talons disappear.
You turn into a spiny porcupine.
Your +0 cloak melds into your body.
Your +0 pair of gloves melds into your body.
Duvessa zaps a wand.
Dowan mumbles some strange words.
Dowan blinks!
Dowan completely misses you.
Duvessa zaps a wand.
You resist with some effort.
Duvessa zaps a wand.
Duvessa zaps a wand.
Nothing appears to happen.
Things that are here:
a cloak; a pair of gloves Dowan points at you and mumbles some strange words.
The puff of flame hits you!
* * * LOW HITPOINT WARNING * * *
Your transformation is almost over.
Dowan points at something and mumbles some strange words.
Dowan gestures at you while chanting. The puff of flame hits you!
You die...

##...##.### ##.........#
#.........>##
............###
..............#############
..........................#
.......#..................#
..........................#
..[.......e.....r.........#
.....##.#...............<.#
........########..........#
.....#### #..........#
#..### #..........# ...#
#..........# #..#
###.####.### #.## #...# #.#
#..# ##.### #.#


You could see Dowan.

Vanquished Creatures
  A hound (D:4)
  Jessica (D:3)
  2 adders
  4 oozes
  A worm (D:2)
  3 giant geckos (D:3)
  6 ball pythons
  5 bats
  6 giant cockroaches
  A hobgoblin (D:1)
  9 jackals
  15 kobolds
  4 giant newts
  13 goblins
  8 rats
79 creatures vanquished.

Vanquished Creatures (collateral kills)
  An ogre (D:4)
  An adder (D:4)
  An orc (D:3)
3 creatures vanquished.

Vanquished Creatures (others)
  A plant (Sewer)
1 creature vanquished.

Grand Total: 83 creatures vanquished

Notes
Turn   | Place    | Note
--------------------------------------------------------------
     0 | D:1      | lucasterio the Draconian Transmuter began the quest for the Orb.
     0 | D:1      | Reached XP level 1. HP: 16/16 MP: 3/3
    56 | D:1      | Reached XP level 2. HP: 21/23 MP: 5/5
   515 | D:1      | Reached XP level 3. HP: 16/29 MP: 6/6
  1389 | D:2      | Learned a level 2 spell: Sticks to Snakes
  1730 | D:2      | Noticed an angel
  1731 | D:2      | Found a glowing silver altar of Zin.
  1807 | D:2      | Reached skill level 4 in Unarmed Combat
  1993 | D:2      | Found a shadowy altar of Dithmenos.
  1993 | D:2      | Found a shimmering altar of Xom.
  2100 | D:3      | Noticed Jessica
  2157 | D:3      | Found a sparkling altar of Nemelex Xobeh.
  2314 | D:3      | Found a glowing drain.
  2341 | Sewer    | Entered a sewer
  2358 | Sewer    | Reached XP level 4. HP: 36/36 MP: 7/7
  3599 | D:3      | Killed Jessica
  3762 | D:3      | Reached XP level 5. HP: 44/44 MP: 8/8
  3929 | D:3      | Found a burning altar of Makhleb.
  4114 | D:4      | Noticed Dowan
  4117 | D:4      | Noticed Duvessa
  4420 | D:4      | Noticed an ogre
  4428 | D:4      | Killed an ogre
  4428 | D:4      | Reached skill level 5 in Unarmed Combat
  4488 | D:4      | Killed from afar by Dowan

Action                   |  1- 3 |  4- 6 || total
-------------------------+-------+-------++-------
Melee: Unarmed           |   203 |   195 ||   398
Throw: Stone             |       |     1 ||     1
 Cast: Beastly Appendage |     3 |     4 ||     7
       Sticks to Snakes  |       |     4 ||     4
  Eat: Chunk             |     2 |     6 ||     8
       Bread ration      |     1 |       ||     1
